Map: Acid Plant LE

Players

SpaceTroll

  • Race: Terran Terran
  • League: Diamond
  • Spawn Location: 5:00

SjeveBurger - Winner!

  • Race: Zerg Zerg
  • League: Diamond
  • Spawn Location: 11:00

VOD

Have the link to the VOD?

Description

Time

  • Played on: Sept. 9, 2018, 2:21 a.m.
  • Length: 24:22
Show
View Real Time Build Order
Export as new Build Order

SpaceTroll Terran 

Build Orders: Cyclone Opening, Reaper Expand, Mech 

Get SALT Encoding   

  12  0:01  SCV  
  13  0:13  SCV  
  14  0:19  Supply Depot  
  14  0:25  SCV  
  15  0:28  Refinery  
  15  0:41  SCV  
  16  0:46  Barracks  
  16  0:53  SCV  
  17  1:05  SCV  
  18  1:17  SCV  
  19  1:33  Orbital Command  
  19  1:34  Reaper  
  20  1:46  Command Center  
  20  1:58  Factory  
  20  2:01  SCV  
  21  2:08  Barracks Reactor  
  21  2:12  Supply Depot  
  21  2:15  SCV  
  22  2:27  Refinery, SCV  
  23  2:39  SCV  
  24  2:45  Cyclone  
  24  2:46  Marine x2  
  30  2:51  SCV  
  30  2:59  Orbital Command  
  30  3:03  SCV  
  31  3:11  Supply Depot  
  31  3:20  Starport  
  31  3:27  SCV  
  32  3:36  Hellion x2  
  32  3:39  SCV x2  
  38  3:42  Barracks Tech Lab  
  38  3:43  Liberator, Factory  
  38  3:51  SCV  
  39  3:58  Hellion x2  
  39  4:00  Refinery  
  45  4:03  SCV  
  45  4:04  SCV  
  47  4:15  SCV  
  48  4:26  Hellion x2  
  48  4:27  Command Center  
  48  4:30  SCV  
  53  4:37  Refinery  
  53  4:42  SCV  
  53  4:43  Armory  
  54  4:49  SCV, Supply Depot  
  55  4:53  Siege Tank  
  55  4:54  Starport Reactor  
  55  4:58  Hellion  
  60  5:17  SCV  
  60  5:18  SCV, Factory  
  62  5:22  Supply Depot  
  62  5:25  Siege Tank  
  65  5:29  SCV  
  66  5:47  Hellion x2  
  66  5:48  Viking x2  
  74  5:52  Orbital Command  
  74  5:55  SCV  
  72  5:57  Siege Tank  
  72  6:00  Supply Depot  
  72  6:03  Factory Tech Lab  
  75  6:06  Terran Vehicle Weapons Level 1  
  75  6:08  SCV  
  76  6:12  Factory  
  76  6:22  Siege Tank  
  76  6:23  SCV  
  80  6:29  Thor  
  86  6:37  SCV  
  87  6:41  Supply Depot  
  87  6:42  Hellion x2  
  91  6:49  SCV  
  91  6:52  SCV  
  93  6:54  Siege Tank  
  93  6:57  Armory  
  97  7:01  SCV  
  97  7:03  Hellion x2  
  97  7:04  SCV, Supply Depot  
  97  7:05  Factory Tech Lab  
  102  7:09  SCV  
  102  7:13  SCV  
  104  7:17  Thor  
  104  7:21  SCV  
  111  7:24  Hellion  
  111  7:26  Siege Tank  
  116  7:33  SCV  
  117  7:37  Siege Tank  
  117  7:39  SCV  
  117  7:42  SCV  
  122  7:44  Refinery  
  122  7:45  SCV  
  122  7:46  Refinery  
  122  7:47  Supply Depot  
  122  7:48  Hellion x2  
  127  7:56  SCV  
  128  7:58  Siege Tank  
  128  7:59  SCV  
  132  8:09  Siege Tank  
  132  8:11  SCV, Supply Depot  
  136  8:17  Siege Tank  
  136  8:18  Hellion  
  141  8:23  SCV x2, Hellion  
  145  8:28  Viking  
  145  8:29  Viking  
  149  8:34  Supply Depot x2  
  149  8:35  SCV  
  150  8:47  SCV, Barracks  
  150  8:48  Barracks  
  151  8:50  Engineering Bay  
  151  8:51  Barracks  
  151  8:55  SCV  
  152  8:58  Engineering Bay  
  152  8:59  SCV  
  153  9:05  Siege Tank x2  
  153  9:06  Siege Tank  
  160  9:11  Barracks Tech Lab, SCV  
  113  9:37  Hellion x2, Siege Tank x2  
  100  9:41  Siege Tank  
  56  10:08  SCV  
  56  10:09  Siege Tank x2  
  56  10:13  Hellion x2, Siege Tank  
  69  10:20  SCV  
  70  10:22  SCV x2  
  70  10:27  Terran Vehicle And Ship Armor Level 1  
  70  10:28  Terran Vehicle Weapons Level 2  
  72  10:36  Barracks x2  
  72  10:40  Barracks  
  72  10:41  Thor  
  72  10:42  Barracks  
  78  10:44  Marauder  
  78  10:45  Stimpack  
  78  10:46  Siege Tank  
  78  10:47  SCV  
  84  10:53  Hellion x2  
  84  10:55  SCV  
  89  10:58  Terran Infantry Weapons Level 1  
  89  10:59  SCV  
  90  11:12  Siege Tank  
  90  11:28  Command Center  
  90  11:38  Command Center  
  90  11:41  Siege Tank  
  90  11:42  Siege Tank  
  90  11:45  Barracks Reactor  
  90  11:46  Barracks Reactor  
  96  11:47  Barracks Reactor  
  96  11:48  Barracks Reactor  
  96  11:51  Marauder  
  98  11:59  Terran Infantry Armor Level 1  
  98  12:00  Siege Tank  
  101  12:11  Marine  
  102  12:21  Siege Tank x2  
  102  12:22  Hellion  
  110  12:29  Marine  
  111  12:35  Siege Tank  
  114  12:41  Viking  
  114  12:42  Viking  
  95  12:52  Refinery  
  77  13:01  Marine x4, Marauder  
  71  13:09  Marine x2  
  73  13:18  Refinery  
  66  13:22  Marauder  
  66  13:29  Siege Tank  
  66  13:30  Siege Tank  
  60  13:44  Marauder  
  60  13:46  SCV  
  60  13:47  SCV  
  61  13:49  Marine x4  
  65  13:56  SCV  
  60  14:19  Marine  
  60  14:20  Marine x3  
  60  14:21  Marine x2, Marauder  
  68  14:43  Marine x2, Marauder  
  72  14:49  Marine x2  
  72  14:52  Marine  
  74  14:53  SCV  
  76  15:01  Marine x2  
  65  15:39  Marine x4, Marauder  
  63  15:54  Marine  
  63  16:01  Marauder  
  52  16:27  Viking  
Show
View Real Time Build Order
Export as new Build Order

SjeveBurger Zerg - Winner!

Build Orders: Hatch First 

Get SALT Encoding   

  12  0:01  Drone  
  13  0:12  Overlord  
  13  0:16  Drone  
  14  0:31  Drone x2  
  16  0:49  Hatchery  
  15  0:54  Drone  
  15  0:56  Drone  
  17  1:00  Drone  
  18  1:11  Extractor  
  17  1:17  Spawning Pool  
  16  1:18  Drone  
  16  1:22  Drone  
  18  1:28  Drone  
  19  1:38  Overlord  
  19  1:49  Drone  
  20  2:05  Queen x2  
  20  2:06  Zergling x4  
  26  2:13  Metabolic Boost  
  26  2:17  Drone x2  
  26  2:22  Drone  
  29  2:28  Drone  
  30  2:37  Overlord  
  30  2:38  Drone  
  31  2:45  Drone x2  
  33  2:58  Hatchery  
  33  3:00  Queen  
  33  3:02  Drone x2  
  36  3:10  Drone, Overlord  
  37  3:13  Queen  
  37  3:15  Drone  
  37  3:18  Drone  
  37  3:19  Drone  
  42  3:21  Drone  
  42  3:25  Overlord  
  43  3:29  Drone  
  44  3:46  Drone x2  
  44  3:47  Drone x3  
  44  3:48  Drone x3  
  52  4:00  Overlord x2  
  52  4:15  Drone x4  
  52  4:16  Drone x2  
  58  4:18  Extractor  
  58  4:20  Extractor  
  58  4:23  Drone x5  
  61  4:38  Drone x2  
  61  4:39  Drone x2  
  65  4:48  Pneumatized Carapace  
  65  4:52  Lair  
  65  4:54  Drone x6  
  65  4:58  Roach Warren  
  70  5:00  Drone x2  
  70  5:04  Drone  
  70  5:55  Overlord x3  
  70  5:56  Overlord x6  
  70  5:57  Overlord x3  
  70  6:00  Extractor  
  70  6:03  Extractor, Glial Reconstitution  
  68  6:09  Hydralisk Den  
  67  6:15  Drone x2, Evolution Chamber x2  
  67  6:16  Drone x3  
  70  6:22  Roach x2  
  74  6:33  Roach x3  
  80  6:44  Hatchery  
  80  6:45  Drone  
  80  6:46  Drone x4  
  84  6:52  Roach  
  84  6:53  Roach x4  
  94  6:57  Roach  
  96  7:05  Roach x2  
  96  7:06  Roach x4  
  108  7:08  Muscular Augments  
  108  7:09  Zerg Missile Weapons Level 1  
  108  7:10  Zerg Ground Armor Level 1  
  108  7:18  Roach x3  
  108  7:20  Roach x3  
  120  7:31  Hydralisk x2  
  120  7:32  Hydralisk  
  126  7:38  Roach  
  126  7:39  Roach  
  126  7:42  Roach x3  
  136  7:46  Hydralisk  
  136  7:49  Hydralisk  
  140  7:55  Extractor  
  140  7:56  Drone x6  
  145  8:02  Hydralisk  
  145  8:03  Hydralisk  
  145  8:05  Hydralisk  
  149  8:11  Hydralisk  
  149  8:12  Hydralisk x2  
  157  8:20  Grooved Spines  
  155  8:32  Hydralisk  
  155  8:33  Hydralisk  
  159  8:35  Overlord x6  
  159  8:36  Overlord x2  
  159  8:57  Hydralisk x6  
  159  8:58  Hydralisk x6  
  183  9:04  Infestation Pit  
  182  9:10  Extractor  
  182  9:13  Extractor  
  170  9:26  Hydralisk x2  
  170  9:27  Hydralisk x6  
  154  9:47  Hydralisk x4  
  154  9:48  Hydralisk  
  126  9:54  Hydralisk x2  
  126  9:55  Hydralisk  
  126  10:00  Hydralisk x2  
  126  10:01  Hydralisk  
  116  10:23  Hydralisk x3  
  116  10:24  Hydralisk x4  
  116  10:27  Hydralisk  
  132  10:34  Roach x4  
  140  10:42  Hydralisk x2  
  140  10:43  Hydralisk  
  146  11:07  Roach x7  
  146  11:08  Roach x2  
  164  11:13  Zerg Missile Weapons Level 2  
  148  11:26  Roach x2  
  148  11:27  Roach x5  
  162  11:45  Roach x4  
  162  11:46  Roach x4  
  178  11:51  Roach x4  
  186  12:10  Hive  
  186  12:28  Hydralisk  
  186  12:29  Zergling x2  
  189  12:33  Roach x2  
  189  12:34  Roach x3  
  191  12:48  Roach  
  191  12:49  Roach  
  151  12:51  Roach x2  
  151  12:53  Roach  
  151  12:54  Roach  
  122  13:00  Roach x3  
  122  13:01  Roach x4  
  122  13:03  Roach x3  
  122  13:04  Roach  
  138  13:08  Roach x3  
  138  13:12  Zerg Ground Armor Level 2  
  142  13:17  Roach x2  
  140  13:25  Roach x3  
  140  13:26  Roach  
  142  13:30  Roach  
  142  13:31  Roach  
  142  13:33  Roach x2  
  150  13:35  Roach  
  150  13:37  Roach  
  150  13:39  Roach x2  
  158  13:43  Roach  
  158  13:44  Roach x3  
  166  13:58  Roach  
  166  13:59  Roach x3  
  174  14:03  Roach x3  
  174  14:04  Hydralisk  
  174  14:05  Roach x3  
  186  14:11  Roach x2  
  186  14:12  Roach x3  
  194  14:21  Hydralisk x3  
  198  15:49  Roach  
  182  16:25  Roach x4  
  172  16:52  Roach  
  172  16:53  Roach x5  
  172  17:45  Hydralisk  
  174  17:58  Spire  
  173  18:40  Overlord x5  
  173  18:41  Overlord x4  
  173  19:10  Corruptor  
  173  19:11  Corruptor  
  177  19:17  Corruptor  
  179  19:43  Corruptor, Overlord  
  181  20:02  Corruptor x3  
  187  22:46  Corruptor x4  
  187  22:47  Corruptor x2  
Tags
 
Add a new tag
Caveats
  • Supply blocks, unpowered buildings, or Contaminate may cause inaccurate times.
  • Supply counts are checked every 10 seconds.